 Dungeon Crawl Stone Soup version 0.30-a0-377-g5cb311bc9f (webtiles) character file.

Game seed: 55713118373257591

0 innerfire433 the Sneak (level 1, 0/18 HPs)
             Began as a Demonspawn Delver on Nov 27, 2022.
             Slain by a gnoll bouda
             ... wielding a +0 whip
              (5 damage)
             ... on level 5 of the Dungeon.
             The game lasted 00:00:20 (31 turns).

innerfire433 the Sneak (Demonspawn Delver)            Turns: 31, Time: 00:00:20

Health: 0/18       AC:  3    Str: 12    XL:     1   Next: 0%
Magic:  1/1        EV: 11    Int: 11    God:
Gold:   0          SH:  0    Dex: 14    Spells: 0/0 levels left

rFire   . . .      SeeInvis .    a - +0 hand axe
rCold   . . .      Faith    .    (no shield)
rNeg    . . .      Spirit   .    b - +0 leather armour
rPois   .          Reflect  .    (no helmet)
rElec   .          Harm     .    (no cloak)
rCorr   .          Rampage  .    (no gloves)
Will    .....                    (no boots)
Stlth   ++........               (no amulet)
HPRegen 0.23/turn                (no ring)
MPRegen 0.07/turn                (no ring)

@: lethally poisoned (0 -> -1)
A: no striking features
a: no special abilities


You were on level 5 of the Dungeon.
You visited 1 branch of the dungeon, and saw 1 of its levels.

Inventory:

Hand Weapons
 a - a +0 hand axe (weapon)
Armour
 b - a +0 leather armour (worn)
Wands
 g - a wand of digging (3)
Scrolls
 c - a scroll of fog
 d - a scroll of magic mapping
Potions
 f - a potion of haste


   Skills:
 + Level 3.0 Fighting
 + Level 1.7 Axes
 + Level 1.7 Dodging
 - Level 4.5 Stealth


You couldn't memorise any spells.
You didn't know any spells.
Your spell library was empty.

Dungeon Overview and Level Annotations

Branches:
Dungeon (5/15)
 Temple: D:4-7

Altars:

Annotations:
D:5 Dowan, Duvessa


Message History

The plant begins to die.
Duvessa, Sister of Dowan comes into view.
She is wielding a +0 short sword.
The gnoll bouda barks out a call to the hunt!
The gnolls pick up the pace!
Dowan moves out of view.
The gnoll bouda gazes fiercely through you!
You feel your attacks grow feeble.
The gnoll bouda gazes fiercely through you!
You feel as though you will be weak longer.
Found 4 gold pieces.
The gnoll attacks as you move away! The gnoll hits you with a +0 club.
Found 13 gold pieces.
The gnoll attacks as you move away! The gnoll closely misses you.
Found 12 gold pieces.
The gnoll hits you with a +0 club.
As you read the scroll of fear, it crumbles to dust.
You assume a fearsome visage.
The gnoll bouda looks frightened!
The gnoll looks frightened!
Cornered, the gnoll bouda turns to fight!
Your attacks no longer feel as feeble.
The gnoll is no longer moving quickly.
An adder comes into view.
The adder hisses angrily.
A sky beast comes into view.
The adder misses you. The adder attacks as you move away!
The adder completely misses you. The adder bites you.
You are poisoned.
The adder poisons you!
A necrophage comes into view.
You feel sick.
The gnoll bouda barks out a call to the hunt!
You feel sick. The adder barely misses you.
You feel sick. The adder closely misses you. The sky beast barely misses you.
You hit the adder but do no damage. You hit the sky beast.
You feel sick. The adder closely misses you. The sky beast barely misses you.
The sky beast attacks as you move away!
The sky beast hits you but does no damage.
The gnoll bouda attacks as you move away!
The gnoll bouda hits you with a +0 whip.
You die...

≈. .. ##. ... #.#
#.# #######.##
#.....@S.#
.......Yg.#
P.........####
.P...........#
.P.P......n........#
...Pg..P..e..g...$$#
.P..gP............$#
..Pgg.PP...........#
...PP.§ .#####...###


You could see Duvessa, a sky beast, a necrophage, a gnoll bouda, a gnoll (swift)
and an adder.

Vanquished Creatures (others)
  3 plants (D:5)
3 creatures vanquished.

Notes
Turn   | Place    | Note
-------+----------+-------------------------------------------
     0 | D:5      | innerfire433 the Demonspawn Delver began the quest for the
                  | Orb.
     0 | D:5      | Reached XP level 1. HP: 18/18 MP: 1/1
     2 | D:5      | Noticed a gnoll bouda
     3 | D:5      | Noticed a gnoll bouda
     3 | D:5      | Noticed Dowan
     3 | D:5      | Noticed Duvessa
    23 | D:5      | Noticed a sky beast
    26 | D:5      | Noticed a necrophage
    31 | D:5      | Slain by a gnoll bouda

Illustrated notes

Levels and vault maps discovered:
D:5:      layout_rooms, amcnicky_mini_pool_small, nicolae_grassy_gnolls,
          uniq_duvessa, uniq_edmund

Action                   || total
-------------------------++-------
Melee: Hand axe          ||     1
  Use: Scroll            ||     1
Armor: Leather armour    ||     1
Dodge: Dodged            ||     8

Table legend: (Time is in decaauts)
 A = Elapsed time spent in this place.
 B = Non-inter-level travel time spent in this place.
 C = Inter-level travel time spent in this place.
 D = Time resting spent in this place.
 E = Time spent auto-exploring this place.
 F = Levels seen in this place.
 G = Mean time per level.
                   A        B        C        D        E       F      G
               +--------+--------+--------+--------+--------+-----+--------+
         Total |     31 |     31 |      0 |      0 |      2 |   1 |   31.0 |
       Dungeon |     31 |     31 |      0 |      0 |      2 |   1 |   31.0 |
               +--------+--------+--------+--------+--------+-----+--------+

Top non-repeatable levels by time:
     D:5: 31 daAuts
